cohdb
Replays
Latest Replays
All Replays
Popular Replays
Top Player Replays
Match Explorer
How It Works
Community
CoH3 Stats
Reddit
Sign in to upload your games and track your stats! →
Sign in with Steam
Match 45484201
Unlisted
Match 45484201
Overview
Messages
Build Orders
End
Panzergrenadier Squad
Selects Armored Support Battlegroup
Panzergrenadier Squad
Panzergrenadier Squad
Kradschützen Motorcycle Team
Construct Light Support Kompanie
Selects Superior Fire Drills
MG34 Team
Fire Support Elements
Easy Noodles
3171549246
partondis
YukikaOokami
roland8510
串联聚能破甲BGM-71酱
Pioneer Combine
UtataNation 🛌🌟
0
0
Comments
sign in to comment!
No comments posted yet!